 Dungeon Crawl Stone Soup version 0.23-a0-489-g205b0b6 (webtiles) character file.

233895 tilp the Earth Mage (level 19, -9/121 HPs)
             Began as a Gargoyle Earth Elementalist on Dec 2, 2018.
             Was the Champion of Makhleb.
             Hit by a large rock thrown by a stone giant (26 damage)
             ... on level 1 of the Vaults.
             The game lasted 03:04:11 (43295 turns).

tilp the Earth Mage (Gargoyle Earth Elementalist)  Turns: 43295, Time: 03:04:13

Health: -9/121     AC: 30    Str: 19    XL:     19   Next: 13%
Magic:  5/35       EV: 12    Int: 23    God:    Makhleb [******]
Gold:   2069       SH:  4    Dex: 15    Spells: 13/42 levels left

rFire    . . .     SeeInvis .   I - +8 great mace (freeze)
rCold    + . .     Gourm    .   (shield currently unavailable)
rNeg     + . .     Faith    .   L - +0 troll leather armour
rPois    ∞         Spirit   .   p - +2 helmet
rElec    +         Reflect  +   O - +2 cloak (curse)
rCorr    .         Harm     .   M - +2 pair of gloves
MR       ++...                  K - +2 pair of boots {Fly}
Stlth    ++........             r - +4 amulet of reflection
HPRegen  0.70/turn              c - +6 ring of strength
MPRegen  0.24/turn              P - ring "Deby" {rC+ MR+ Dex+5}

@: flying, very slightly contaminated, drained
A: big wings, negative energy resistance 1, electricity resistance, unbreathing,
petrification resistance, rot immunity, AC +14
}: 2/15 runes: decaying, serpentine
a: Stop Flying, Minor Destruction, Lesser Servant of Makhleb, Major Destruction,
Greater Servant of Makhleb, Renounce Religion


You were on level 1 of the Vaults.
You worshipped Makhleb.
Makhleb was exalted by your worship.
You were very hungry.

You visited 7 branches of the dungeon, and saw 33 of its levels.
You also visited: Bailey.

You collected 3252 gold pieces.
You spent 1183 gold pieces at shops.

Inventory:

Hand Weapons
 I - a +8 great mace of freezing (weapon)
Missiles
 w - 197 stones
 F - 4 javelins of penetration (quivered)
Armour
 p - a +2 helmet (worn)
 K - a +2 pair of boots of flying (worn)
 L - a +0 troll leather armour (worn)
 M - a +2 pair of gloves (worn)
 O - a cursed +2 cloak (worn)
 S - a +1 robe of the Archmagi
 V - the +1 robe of Spite {MR++ Int+4}
   (You found it on level 2 of the Snake Pit)

   It affects your intelligence (+4).
   It affects your resistance to hostile enchantments.
Magical Staves
 a - an uncursed staff of energy
Jewellery
 c - a +6 ring of strength (left hand)
 g - an uncursed ring of positive energy
 r - a +4 amulet of reflection (around neck)
 s - an uncursed ring of resist corrosion
 z - an uncursed ring of wizardry
 P - the ring "Deby" (right hand) {rC+ MR+ Dex+5}
   (You found it on level 15 of the Dungeon)

   [ring of dexterity]

   It affects your dexterity (+5).
   It protects you from cold.
   It affects your resistance to hostile enchantments.
 T - a cursed -3 ring of dexterity {unknown}
 X - an uncursed ring of protection from fire
Wands
 b - a wand of clouds (19)
 i - a wand of scattershot (3)
 l - a wand of acid (21)
 A - a wand of enslavement (13)
 C - a wand of disintegration (10)
 G - a wand of digging (9)
 N - a wand of paralysis (26)
 R - a wand of flame (50)
 Z - a wand of polymorph (9)
Scrolls
 h - a scroll of silence
 o - 4 scrolls of magic mapping
 q - 12 scrolls of teleportation
 u - 4 scrolls of amnesia
 v - 5 scrolls of fear
 B - 12 scrolls of remove curse
 E - 5 scrolls of identify
 W - 3 scrolls of fog
Potions
 e - 2 potions of agility
 k - 14 potions of curing
 n - 5 potions of haste
 t - 2 potions of ambrosia
 x - 5 potions of invisibility
 D - 7 potions of brilliance
 H - 4 potions of magic
 J - 4 potions of cancellation
 Q - 3 potions of might
 U - 4 potions of mutation
Miscellaneous
 f - a lightning rod (4/4)
 y - a lamp of fire
 Y - a crystal ball of energy
Comestibles
 d - 52 rations
 j - 14 chunks of flesh


   Skills:
 - Level 14.0(13.6) Fighting
 + Level 19.5(19.2) Maces & Flails
 - Level 1.5(1.3) Dodging
 - Level 2.1(1.9) Stealth
   Level 4.2(3.9) Shields
 - Level 12.0(11.7) Spellcasting
 - Level 2.0(1.8) Conjurations
 - Level 0.7(0.5) Transmutations
 - Level 20.0(19.6) Earth Magic
 - Level 6.0(5.7) Invocations
 - Level 6.0(5.7) Evocations


You had 13 spell levels left.
You knew the following spells:

 Your Spells              Type           Power        Failure   Level  Hunger
a - Sandblast             Erth           ######       0%          1    None
b - Passwall              Tmut/Erth      ######..     1%          2    None
c - Stone Arrow           Conj/Erth      ######       1%          3    None
d - Lee's Rapid Deconstr  Erth           #######...   1%          5    ####...
e - Apportation           Tloc           ##....       5%          1    None
f - Summon Small Mammal   Summ           ##..         5%          1    None
g - Leda's Liquefaction   Hex/Erth       ######....   1%          4    None
h - Bolt of Magma         Conj/Fire/Erth #####.....   9%          5    ####...
i - Petrify               Tmut/Erth      ######..     1%          4    None
j - Regeneration          Chrm/Necr      ##........   17%         3    None

Your spell library contained the following spells:

 Spells                   Type           Power        Failure   Level  Hunger
 Sting                    Conj/Pois      ###.         3%          1    None
 Beastly Appendage        Tmut           ###...       4%          1    None
 Animate Skeleton         Necr           N/A          5%          1    None
 Confusing Touch          Hex            ##....       5%          1    None
 Corona                   Hex            ##.....      5%          1    None
 Freeze                   Ice            ##..         5%          1    None
 Pain                     Necr           ##..         5%          1    None
 Throw Frost              Conj/Ice       ###...       6%          2    None
 Sticks to Snakes         Tmut           ###.....     7%          2    None
 Corpse Rot               Necr           N/A          9%          2    None
 Ensorcelled Hibernation  Hex/Ice        ##....       9%          2    None
 Poisonous Vapours        Pois/Air       ##....       9%          2    None
 Swiftness                Chrm/Air       ##......     9%          2    None
 Dazzling Spray           Conj/Hex       ###...       12%         3    None
 Mephitic Cloud           Conj/Pois/Air  ###.....     13%         3    None
 Spider Form              Tmut/Pois      ##........   16%         3    None
 Confuse                  Hex            ##......     17%         3    None
 Ozocubu's Armour         Chrm/Ice       ##......     17%         3    None
 Tukima's Dance           Hex            ##......     17%         3    None
 Vampiric Draining        Necr           ##........   17%         3    None
 Throw Icicle             Conj/Ice       ###.....     36%         4    None
 Ice Form                 Ice/Tmut       ##......     45%         4    None
 Animate Dead             Necr           N/A          50%         4    None
 Olgreb's Toxic Radiance  Pois           ##......     50%         4    None
 Passage of Golubria      Tloc           N/A          50%         4    None
 Summon Ice Beast         Ice/Summ       ##......     50%         4    None
 Venom Bolt               Conj/Pois      ###.......   71%         5    ####...
 Blade Hands              Tmut           ###.......   77%         5    ####...
 Summon Forest            Summ/Tloc      ##........   83%         5    ####...
 Darkness                 Hex            ##........   100%        6    #####..
 Hydra Form               Tmut           ###.......   100%        6    #####..
 Invisibility             Hex            ##......     100%        6    #####..
 Summon Hydra             Summ           ##........   100%        7    #######
 Statue Form              Tmut/Erth      Unusable     N/A         6    N/A

Dungeon Overview and Level Annotations

Branches:
Dungeon (15/15)            Temple (1/1) D:6            Lair (6/6) D:9
  Swamp (4/4) Lair:4        Snake (4/4) Lair:2        Slime (0/5) Lair:5
    Orc (2/2) D:12            Elf (0/3) Orc:2        Vaults (1/5) D:13
 Depths (0/5) D:15

Altars:
Ashenzari
Cheibriados
Dithmenos
Elyvilon
Fedhas
Gozag
Hepliaklqana
Kikubaaqudgha
Makhleb
Nemelex Xobeh
Okawaru
Qazlal
Ru
Sif Muna
Trog
Uskayaw
Vehumet
Wu Jian
Xom
Yredelemnul
Zin
The Shining One
Beogh
Jiyva

Shops:
D:7 =   D:12 ?   D:14 (   Orc:2 =:?[

Portals:
Hell: Lair:6


Innate Abilities, Weirdness & Mutations

You are resistant to torment.
Your stone body is resilient. (AC +14)
You are immune to poison.
Your large and strong wings let you fly indefinitely.
You resist negative energy. (rN+)
You are resistant to electric shocks. (rElec)
You can survive without breathing.
You are immune to petrification.
You are immune to rotting.


Message History

The stone giant is lightly wounded.
The orc warrior barely misses you. The stone giant hits you!!
Unknown command.
You sock the stone giant! You freeze the stone giant.
The stone giant is moderately wounded.
You bludgeon the stone giant!! You freeze the stone giant!
The stone giant is heavily wounded.
The stone giant hits you!!
The orc warrior hits you from afar with a +0 glaive!!
* * * LOW HITPOINT WARNING * * *
Unknown command.
The stone giant hits you.
* * * LOW HITPOINT WARNING * * *
Okay, then.
Blink to where?
Press: ? - help, Dir - move target cursor You are very lightly contaminated with residual magic.
As you read the scroll of blinking, it crumbles to dust.
The stone giant throws a large rock.
The large rock hits you!!
You die... ##### #####...# #####...#.>.# #...#..C'o..# #...'..§##)## +..@##### oo†

###'## ...'. #...#
3..### ### #..('
##### ...
#...######...# ...
###'##...'...######
#...'...#...##....
#
#...#...##'###....
#.
#...##'###...#....


You could see a stone giant and an orc warrior.

Vanquished Creatures
  the Lernaean hydra (Swamp:4)
  7 nagarajas
  Roxanne (D:15)
  A vault warden (Vaults:1)
  An orc warlord (Orc:2)
  2 ironheart preservers (Vaults:1)
  A stone giant (Orc:1)
  A fire dragon (D:15)
  Josephine (D:13)
  8 vault guards
  14 naga warriors
  A ghost crab (Swamp:1)
  23 hydras
  9 anacondas
  2 shambling mangroves
  A catoblepas (Lair:5)
  A death knight (D:14)
  3 two-headed ogres
  7 centaur warriors
  14 alligators
  An ogre mage (D:13)
  4 orc high priests (Orc:2)
  3 deep troll earth magi (Vaults:1)
  A spriggan berserker (Swamp:2)
  7 shock serpents
  14 naga sharpshooters
  2 deep elf knights
  7 spriggans
  5 salamander mystics
  A sun demon (Lair:6)
  3 spriggan druids (Swamp:2)
  3 unseen horrors
  A shadow wraith (Vaults:1)
  4 naga ritualists
  13 swamp dragons
  An ironbrand convoker (Vaults:1)
  7 deep trolls (Vaults:1)
  A wizard (D:13)
  5 orc knights
  Pikel (D:4)
  5 orc sorcerers
  6 mana vipers
  A cyclops (D:12)
  8 slime creatures
  7 elephants
  5 ugly things
  A moth of wrath (Lair:5)
  14 salamanders
  4 guardian serpents
  19 naga magi
  A vault sentinel (Vaults:1)
  3 torpor snails (Lair:5)
  26 black mambas
  3 orange demons (Lair:6)
  A centaur skeleton (D:14)
  21 spiny frogs
  3 gargoyles
  5 rime drakes
  A freezing wraith (D:15)
  8 komodo dragons
  2 yaktaurs (Vaults:1)
  An efreet (D:14)
  An ice devil (Lair:6)
  2 kobold demonologists (D:11)
  2 red devils (Lair:6)
  A harpy zombie (D:13)
  10 trolls
  3 meliai (D:13)
  9 hornets
  16 tyrant leeches
  A polar bear (Lair:6)
  6 bog bodies
  14 blink frogs
  11 hippogriffs
  A hippogriff (shapeshifter) (Vaults:1)
  A vampire (D:14)
  3 shadows
  8 wraiths
  Eustachio (D:4)
  3 hogs (D:8)
  37 yaks
  The ghost of MisterFreud the Chopper, an amateur HOMo of Beogh (D:3)
  3 basilisks
  2 hungry ghosts
  A human (D:8)
  14 vampire mosquitoes
  7 wargs
  Menkaure (D:6)
  79 nagas
  An acid dragon (D:14)
  18 swamp worms
  2 hell hounds (Lair:6)
  6 porcupines
  2 ice beasts
  23 water moccasins
  10 swamp drakes
  59 orc warriors
  A sky beast (D:8)
  A slave (D:4)
  2 black bears
  3 phantoms
  An eye of draining (D:9)
  A necrophage (D:13)
  5 wolves (Lair:4)
  5 boggarts
  11 ogres
  23 centaurs
  16 crocodiles
  5 big kobolds
  18 bullfrogs
  A gnoll sergeant (D:12)
  A scorpion (D:11)
  A jelly (D:13)
  12 killer bees (D:11)
  The ghost of Lavandula the Magician, a weakling NaAE (D:4)
  7 electric eels
  8 wights
  3 howler monkeys
  6 crimson imps
  2 bullfrog zombies (D:10)
  7 lava snakes (Snake:4)
  5 hounds
  A centaur zombie (D:9)
  3 quasits
  32 orc priests
  31 orc wizards
  5 bullfrog skeletons
  Natasha (twice) (D:2)
  9 worker ants
  5 iguanas
  4 hell rats (Lair:4)
  2 hound skeletons
  Robin (D:4)
  5 gnolls
  14 adders
  A river rat (D:3)
  3 shadow imps
  2 oozes (D:2)
  An adder zombie (D:7)
  An adder skeleton (D:7)
  4 worms
  6 dart slugs
  7 leopard geckos
  138 orcs
  5 giant cockroaches
  13 goblins
  12 hobgoblins
  9 jackals
  3 quokkas
  4 ball pythons
  11 bats
  2 frilled lizards (D:2)
  15 kobolds
  A leopard gecko zombie (D:8)
  2 quokka skeletons
  7 rats
1194 creatures vanquished.

Vanquished Creatures (collateral kills)
  A dire elephant (Lair:6)
  A fire dragon (D:14)
  A shambling mangrove (Swamp:3)
  A hydra (Swamp:4)
  A wizard (Lair:6)
  A komodo dragon (Lair:5)
  A hellwing (Lair:6)
  2 tyrant leeches (Lair:5)
  2 hornets (Swamp:1)
  A blink frog (Swamp:4)
  4 vampire mosquitoes
  2 swamp worms (Lair:5)
  A hell hound (Lair:6)
  A swamp drake (Swamp:1)
  A fungus (Lair:6)
21 creatures vanquished.

Vanquished Creatures (others)
  2 naga sharpshooters
  A naga (Snake:4)
  An orc warrior (D:13)
  2 centaurs
  2 orcs
  4 fungi
  10 plants
22 creatures vanquished.

Grand Total: 1237 creatures vanquished

Notes
Turn   | Place    | Note
-------+----------+-------------------------------------------
     0 | D:1      | tilp the Gargoyle Earth Elementalist began the quest for
                  | the Orb.
     0 | D:1      | Reached XP level 1. HP: 10/10 MP: 3/3
   387 | D:1      | Reached skill level 1 in Fighting
   387 | D:1      | Reached skill level 4 in Earth Magic
   387 | D:1      | Reached XP level 2. HP: 16/16 MP: 3/5
  1057 | D:1      | Learned a level 2 spell: Passwall
  1395 | D:1      | Reached XP level 3. HP: 21/21 MP: 6/6
  1731 | D:2      | Found a shadowy altar of Dithmenos.
  1746 | D:2      | Found a snail-covered altar of Cheibriados.
  1862 | D:2      | Reached skill level 5 in Earth Magic
  1862 | D:2      | Reached XP level 4. HP: 24/26 MP: 5/7
  1967 | D:2      | Found a glowing golden altar of the Shining One.
  1993 | D:2      | Noticed Natasha
  1999 | D:2      | Killed Natasha
  2234 | D:2      | Noticed Robin
  2514 | D:2      | Found a blossoming altar of Fedhas.
  2546 | D:2      | Reached skill level 6 in Earth Magic
  2695 | D:2      | Noticed Natasha
  2703 | D:2      | Killed Natasha
  2703 | D:2      | Reached XP level 5. HP: 21/30 MP: 1/8
  3004 | D:3      | Found a runed door.
  3031 | D:3      | Noticed MisterFreud's ghost (amateur HOMo)
  3520 | D:3      | Reached skill level 7 in Earth Magic
  3536 | D:3      | Learned a level 3 spell: Stone Arrow
  3666 | D:3      | Found a runed door.
  4045 | D:4      | Killed Robin
  4217 | D:4      | Reached XP level 6. HP: 31/35 MP: 5/9
  4320 | D:4      | Found a runed door.
  4323 | D:4      | Noticed Lavandula's ghost (weakling NaAE)
  4326 | D:4      | Noticed Eustachio
  4424 | D:4      | Found a bloodstained altar of Trog.
  4535 | D:4      | Noticed a phantom
  4590 | D:3      | Killed a phantom
  4590 | D:3      | Reached skill level 8 in Earth Magic
  4764 | D:4      | Noticed a slave
  4764 | D:4      | Noticed Pikel
  4784 | D:4      | Killed a slave
  4788 | D:4      | Killed Pikel
  4788 | D:4      | Reached XP level 7. HP: 32/44 MP: 1/10
  5072 | D:5      | Entered Level 5 of the Dungeon
  5234 | D:5      | Reached skill level 1 in Conjurations
  5234 | D:5      | Reached XP level 8. HP: 48/48 MP: 8/11
  5286 | D:5      | Reached skill level 1 in Evocations
  5310 | D:5      | Reached skill level 5 in Fighting
  5381 | D:5      | Found an opulent altar of Gozag.
  5605 | D:5      | Found a sacrificial altar of Ru.
  6201 | D:6      | Found a staircase to the Ecumenical Temple.
  6227 | Temple   | Entered the Ecumenical Temple
  6423 | D:6      | Noticed Menkaure
  6437 | D:6      | Killed Menkaure
  6652 | D:6      | Found an iron altar of Okawaru.
  6880 | D:6      | Reached XP level 9. HP: 52/56 MP: 8/12
  7160 | D:3      | Killed MisterFreud's ghost
  7160 | D:3      | Reached skill level 9 in Earth Magic
  7287 | D:4      | Killed Lavandula's ghost
  7296 | D:4      | Got a dazzling triple sword
  7302 | D:4      | Identified the cursed +0 triple sword "Puveh" {chaos, +Inv
                  | rN+ MR+ Str-5 Dex+4} (You found it on level 4 of the
                  | Dungeon)
  7363 | D:4      | Killed Eustachio
  7564 | D:7      | Found a burning altar of Makhleb.
  7571 | D:7      | Found a glowing silver altar of Zin.
  7571 | D:7      | Noticed an angel
  7572 | D:7      | Noticed an Executioner
  7614 | D:7      | Became a worshipper of Makhleb the Destroyer
  7635 | D:7      | Found a shattered altar of Ashenzari.
  7778 | D:7      | Found Tatetos's Jewellery Shoppe.
  7877 | D:7      | Reached skill level 1 in Invocations
  7934 | D:7      | Reached skill level 10 in Earth Magic
  8042 | D:7      | Learned a level 5 spell: Lee's Rapid Deconstruction
  8044 | D:7      | Learned a level 1 spell: Apportation
  8282 | D:8      | Reached * piety under Makhleb
  8296 | D:8      | Found a radiant altar of Vehumet.
  8500 | D:8      | Reached XP level 10. HP: 64/64 MP: 6/13
  8547 | D:8      | Noticed a two-headed ogre
  8559 | D:8      | Killed a two-headed ogre
  8559 | D:8      | Reached skill level 11 in Earth Magic
  8690 | D:8      | Found a hide-covered altar of Uskayaw.
  8699 | D:8      | Reached skill level 12 in Earth Magic
  8819 | D:8      | Found a white marble altar of Elyvilon.
  9411 | D:9      | Reached ** piety under Makhleb
  9869 | D:9      | Reached skill level 13 in Earth Magic
 10295 | D:9      | Reached XP level 11. HP: 72/72 MP: 10/14
 10296 | D:9      | Found a staircase to the Lair.
 10524 | D:10     | Entered Level 10 of the Dungeon
 10656 | D:10     | Reached skill level 10 in Fighting
 11225 | D:10     | Killed an unseen horror
 11225 | D:10     | Reached skill level 14 in Earth Magic
 11870 | D:11     | Noticed a five-headed hydra
 11880 | D:11     | Killed a five-headed hydra
 11968 | D:11     | Reached skill level 1 in Maces & Flails
 12036 | D:11     | Reached skill level 15 in Earth Magic
 12223 | D:11     | Reached *** piety under Makhleb
 12319 | D:11     | Noticed a cyan ugly thing
 12623 | D:11     | Noticed a sixfirhy
 12699 | D:11     | Killed a cyan ugly thing
 12787 | D:11     | Killed an unseen horror
 13060 | D:12     | Reached XP level 12. HP: 47/77 MP: 10/15
 13065 | D:12     | Reached skill level 5 in Maces & Flails
 13067 | D:12     | Found a frozen archway.
 13244 | D:12     | Noticed a two-headed ogre
 13256 | D:12     | Killed a two-headed ogre
 13256 | D:12     | Reached skill level 16 in Earth Magic
 13303 | D:12     | Found Ygaovam's Magic Scroll Shoppe.
 13344 | D:12     | Bought a scroll of remove curse for 48 gold pieces
 13344 | D:12     | Bought a scroll of magic mapping for 56 gold pieces
 13344 | D:12     | Bought a scroll of fog for 32 gold pieces
 13464 | D:12     | Found a staircase to the Orcish Mines.
 13853 | D:12     | Reached **** piety under Makhleb
 14077 | D:7      | Bought the ring of Jizioc {MR+ EV+3} for 369 gold pieces
 14178 | Lair:1   | Entered Level 1 of the Lair of Beasts
 14764 | Lair:1   | Reached skill level 5 in Invocations
 14849 | Lair:1   | Reached skill level 5 in Evocations
 14915 | Lair:1   | Noticed a five-headed hydra
 14920 | Lair:1   | Killed a five-headed hydra
 15971 | Lair:2   | Found a labyrinth entrance.
 16097 | Lair:2   | Found a staircase to the Snake Pit.
 16704 | Lair:3   | Reached XP level 13. HP: 83/83 MP: 18/18
 17117 | Lair:4   | Found a staircase to the Swamp.
 17411 | Lair:4   | Reached ***** piety under Makhleb
 17655 | Lair:4   | Identified the cursed +1 scale mail "Hoxyu" {rC+ rCorr}
                  | (You found it on level 4 of the Lair of Beasts)
 18390 | Lair:4   | Reached skill level 5 in Spellcasting
 18581 | Lair:5   | Found a viscous altar of Jiyva.
 18581 | Lair:5   | Found a staircase to the Slime Pits.
 19025 | Lair:5   | Reached skill level 17 in Earth Magic
 20094 | Lair:5   | Learned a level 1 spell: Summon Small Mammal
 20165 | Lair:6   | Entered Level 6 of the Lair of Beasts
 20591 | Lair:6   | Gained mutation: Your large and strong wings let you fly
                  | indefinitely. [Gargoyle growth]
 20591 | Lair:6   | Reached XP level 14. HP: 92/92 MP: 23/23
 21436 | Lair:6   | Reached skill level 18 in Earth Magic
 21822 | Lair:6   | Noticed a dire elephant
 21832 | Lair:6   | Killed a dire elephant
 22080 | Lair:6   | Found a burning altar of Makhleb.
 22402 | Lair:6   | Found a gateway to Hell.
 22785 | Orc:1    | Entered Level 1 of the Orcish Mines
 23075 | Orc:1    | Noticed a stone giant
 23083 | Orc:1    | Killed a stone giant
 23096 | Orc:1    | Found a flagged portal.
 23124 | Bailey   | Entered a bailey
 23704 | Bailey   | Identified a scroll of acquirement
 23705 | Bailey   | Identified the cursed +0 leather armour "Mihui" {rC+} (You
                  | found it in a bailey)
 23863 | Orc:1    | Found a burning altar of Makhleb.
 24138 | Orc:1    | Got a spiked shield
 24139 | Orc:1    | Identified the +2 shield of the Harvest {Regen+ Dex+4} (You
                  | acquired it on level 1 of the Orcish Mines)
 24179 | Orc:2    | Entered Level 2 of the Orcish Mines
 24776 | Orc:2    | Found Gail's Magic Scroll Shop.
 24866 | Orc:2    | Found Viteif's Armour Boutique.
 24980 | Orc:2    | Found a roughly hewn altar of Beogh.
 25054 | Orc:2    | Reached ****** piety under Makhleb
 25831 | Orc:2    | Found a staircase to the Elven Halls.
 25899 | Orc:2    | Reached XP level 15. HP: 80/97 MP: 13/28
 26135 | Orc:2    | Noticed an orc warlord
 26251 | Orc:2    | Killed an orc warlord
 26428 | Orc:2    | Reached skill level 10 in Spellcasting
 26431 | Orc:2    | Found a roughly hewn altar of Beogh.
 26558 | Orc:2    | Found Yjybb's Book Boutique.
 26769 | Orc:2    | Found Dammer's Jewellery Shop.
 26955 | D:13     | Noticed Josephine
 26958 | D:13     | Killed Josephine
 28622 | D:13     | Found a gate to the Vaults.
 29052 | D:14     | Found Huoqan's Antique Weapon Shoppe.
 29060 | D:14     | Bought a glowing morningstar for 238 gold pieces
 29106 | D:14     | Reached skill level 10 in Maces & Flails
 29511 | D:15     | Entered Level 15 of the Dungeon
 29511 | D:15     | Found a burning altar of Makhleb.
 29518 | D:15     | Reached skill level 19 in Earth Magic
 29549 | D:15     | Identified Roxanne's Papyrus of Earth
 29549 | D:15     | Noticed Roxanne
 29553 | D:15     | Killed Roxanne
 29716 | D:15     | Learned a level 4 spell: Leda's Liquefaction
 30061 | D:15     | Learned a level 5 spell: Bolt of Magma
 30206 | D:15     | Got a faintly glowing pewter ring
 30209 | D:15     | Identified the ring "Deby" {rC+ MR+ Dex+5} (You found it on
                  | level 15 of the Dungeon)
 30328 | D:15     | Identified the cursed +1 robe of the First Wishes {rN+
                  | Regen+ Dex+3 Stlth-} (You found it on level 15 of the
                  | Dungeon)
 30492 | D:15     | Found a staircase to the Depths.
 30750 | D:12     | Bought a scroll of brand weapon for 320 gold pieces
 30750 | D:12     | Bought a scroll of enchant weapon for 120 gold pieces
 30918 | Swamp:1  | Entered Level 1 of the Swamp
 30949 | Lair:4   | Reached XP level 16. HP: 81/104 MP: 17/31
 32095 | Swamp:2  | Learned a level 4 spell: Petrify
 34481 | Swamp:4  | Entered Level 4 of the Swamp
 34604 | Swamp:4  | Reached skill level 20 in Earth Magic
 35365 | Swamp:4  | Learned a level 3 spell: Regeneration
 35469 | Swamp:4  | Noticed the 27-headed Lernaean hydra
 35533 | Swamp:4  | Killed the 27-headed Lernaean hydra
 35533 | Swamp:4  | Reached XP level 17. HP: 111/111 MP: 12/33
 36055 | Swamp:4  | Got a decaying rune of Zot
 36230 | Snake:1  | Entered Level 1 of the Snake Pit
 36312 | Snake:1  | Identified the +1 buckler "Xauf" {+Inv Dex+3} (You found it
                  | on level 1 of the Snake Pit)
 37156 | Snake:2  | Found a burning altar of Makhleb.
 37190 | Snake:2  | Reached skill level 15 in Maces & Flails
 37356 | Snake:2  | Identified the +1 robe of Spite {MR++ Int+4} (You found it
                  | on level 2 of the Snake Pit)
 38748 | Snake:3  | Reached XP level 18. HP: 116/116 MP: 34/34
 39002 | Snake:3  | Found a snail-covered altar of Cheibriados.
 39549 | Snake:4  | Entered Level 4 of the Snake Pit
 42447 | Snake:4  | Got a serpentine rune of Zot
 42729 | Vaults:1 | Entered Level 1 of the Vaults
 43087 | Vaults:1 | Reached XP level 19. HP: 115/121 MP: 10/35
 43295 | Vaults:1 | Hit by a large rock thrown by a stone giant

Vault maps used:
D:1:      roderic_octagonal_star, minmay_pentomino_v4
D:2:      fedhas_altar_4, nicolae_overflow_crystal_walls,
          nicolae_tso_swordbearing_angel, grunt_dithmenos_smoke_and_mirrors,
          uniq_natasha, uniq_robin
D:3:      ebering_ghost_sewer_f, chequers_serial_rivers_marsh
D:4:      lightli_temple_of_fire, first_ration, ebering_ghost_inner_flame,
          minmay_puff, uniq_eustachio, uniq_pikel
D:5:      nicolae_ru_path_of_blood, grunt_gozag_breadcrumbs,
          minmay_misc_feat_ornament, hangedman_abyss_or_decor_stagger
D:6:      cheibrodos_thug_alley, kennysheep_mini_moat,
          minmay_temple_entry_statues_pillars, uniq_menkaure
D:7:      grunt_temple_overflow_order_and_chaos_2, cheibrodos_ashenzari_chains,
          serial_shops, shop_fountains
D:8:      vehumet_altar_wand_db, old_standard_altar, overflow_temple_1_default,
          serial_bayou, serial_bayou_pond_b, serial_bayou_shore_b,
          serial_bayou_shore_b, serial_bayou_ford_a, grunt_livestock
D:9:      grunt_lair_entry_orc_guard_hut, statue_in_the_mist_lemuel
D:12:     minmay_orc_entry_guard_dogs, serial_shops, shop_coins,
          portal_ice_cave_rime
D:13:     grunt_vaults_entry_fortified, grunt_potential, uniq_josephine
D:14:     serial_shops, shop_fountains, chequers_serial_rivers_micro_a
D:15:     grunt_enter_depths_hoard, basic_altar, grunt_decor_mini_mirrors,
          uniq_roxanne
Temple:   nicolae_temple_figure_zero
Lair:1:   minmay_shattered_shrine
Lair:2:   minmay_snake_entry_guardpost_medium, lab_entry_generic,
          serial_bayou_pond_d
Lair:4:   skrybe_swamp_entry_bodies, beast_lair_carwin_3, serial_bayou_shore_a,
          grunt_megastairs_3
Lair:5:   slime_altar_1, worms_lemuel
Lair:6:   evil_forest
Swamp:1:  evilmike_swamp_ruin_house_4
Swamp:2:  cheibrodos_swamp_heart_of_darkness, nicolae_swamp_trees_clearing,
          swamp_pool1
Swamp:3:  evilmike_swamp_ruin_house_2
Swamp:4:  swamp_old_school
Snake:2:  onia_ninara_swampy_vault, basic_altar, nicolae_snake_springs,
          serial_bayou_shore_b
Snake:3:  basic_altar
Snake:4:  minmay_snake_end_coiled, grunt_ministairs_15, nicolae_snake_lava_pool
Orc:1:    enter_bailey_4, basic_altar
Orc:2:    pubby_orc_utopia, serial_shops
Vaults:1: hangedman_vaults_slice, nicolae_vaults_lopsided_apartments, v_misc_13,
          grunt_vaults_swirl, serial_ice_m, grunt_vaults_diagonal,
          vaults_room_grunt_arrival_ludios, ontoclasm_vaults_ring_small,
          nicolae_vaults_shelves_hall, serial_shops,
          nicolae_shop_temple_entry_statues_fountains, nicolae_shop_trees,
          nicolae_shop_trees, nicolae_shop_trees
Bailey:   bailey_polearm_flooded_kennysheep, bailey

Skill      XL: |  1  2  3  4  5  6  7  8  9 10 11 12 13 14 15 16 17 18 |
---------------+-------------------------------------------------------+-----
Fighting       | 1 2 4 6 8 9 10 12 13 14 | 14.0
Earth Magic    | 4 5 6 7 8 10 13 15 16 17 18 19 20 | 20.0
Shields        | 3 4 |  4.2
Conjurations   | 1 2 |  2.0
Evocations     | 4 5 6 |  6.0
Invocations    | 4 5 6 |  6.0
Maces & Flails | 4 7 8 9 10 13 16 19 | 19.5
Spellcasting   | 3 6 9 11 12 | 12.0
Dodging        | |  1.5
Stealth        | |  2.1
Transmutations | |  0.7

Action                   |  1- 3 |  4- 6 |  7- 9 | 10-12 | 13-15 | 16-18 | 19-21 || total
-------------------------+-------+-------+-------+-------+-------+-------+-------++-------
Melee: Dagger            |    77 |    68 |   228 |   114 |       |       |       ||   487
       Whip              |     1 |       |       |       |       |       |       ||     1
       Short sword       |       |    87 |    63 |       |       |       |       ||   150
       Flail             |       |       |       |   471 |  1774 |   357 |       ||  2602
       Morningstar       |       |       |       |       |       |   263 |       ||   263
       Great mace        |       |       |       |       |       |   720 |    29 ||   749
 Fire: Blowgun           |       |       |       |     5 |       |       |       ||     5
Throw: Tomahawk          |       |       |     2 |     3 |     3 |       |       ||     8
       Stone             |       |       |       |       |     1 |       |       ||     1
       Javelin           |       |       |       |       |       |     7 |       ||     7
 Cast: Sandblast         |    31 |    54 |   105 |   180 |   169 |   143 |       ||   682
       Passwall          |     1 |       |       |     1 |       |       |       ||     2
       Stone Arrow       |       |       |     1 |       |    40 |     2 |       ||    43
       Lee's Rapid Decon |       |       |       |     7 |    68 |    90 |     9 ||   174
       Bolt of Magma     |       |       |       |       |     2 |    41 |       ||    43
       Petrify           |       |       |       |       |       |    13 |       ||    13
       Apportation       |       |       |       |       |       |     3 |       ||     3
Invok: Lesser Servant of |       |       |       |       |    18 |    17 |       ||    35
       Minor Destruction |       |       |       |       |       |     1 |       ||     1
 Abil: Fly               |       |       |       |       |     1 |       |       ||     1
Evoke: Wand              |       |       |     1 |     8 |       |     7 |       ||    16
       Lamp of fire      |       |       |       |       |       |     1 |       ||     1
  Use: Scroll            |       |     9 |    12 |    10 |    19 |     9 |     1 ||    60
       Potion            |       |       |       |       |     3 |     9 |       ||    12
 Stab: Sleeping          |     3 |     4 |     3 |     4 |     7 |     6 |       ||    27
       Paralysed         |       |       |       |     5 |       |       |       ||     5
       Distracted        |       |       |       |       |     1 |     2 |       ||     3
       Petrified         |       |       |       |       |       |     5 |       ||     5
       Invisible         |       |       |       |       |       |     3 |       ||     3
       Petrifying        |       |       |       |       |       |     3 |       ||     3
  Eat: Chunk             |     4 |     8 |    12 |    27 |    46 |    35 |     1 ||   133
       Ration            |       |     1 |       |     1 |     4 |     7 |       ||    13
Armor: Robe              |    28 |    38 |       |       |       |       |       ||    66
       Leather armour    |       |    21 |   185 |   181 |       |       |       ||   387
       Troll leather arm |       |       |       |   228 |   756 |   943 |    30 ||  1957
Dodge: Dodged            |    84 |    83 |   185 |   415 |  1001 |   733 |    26 ||  2527
Block: Buckler           |       |       |    80 |   174 |   811 |   473 |       ||  1538
       Reflection        |       |       |       |       |    34 |    32 |       ||    66
       Other             |       |       |       |       |       |   134 |     7 ||   141

Table legend:
 A = Non-vault XP
 B = Vault XP
 C = Vault XP percentage of total XP
 D = Non-vault monster count
 E = Vault monster count
 F = Vault count percentage of total count
                 A         B        C        D         E       F
            +---------+---------+-------+---------+---------+-------
      Total |  197904 |  129335 |  39.5 |     753 |     468 |  38.3
            +---------+---------+-------+---------+---------+-------
        D:1 |      31 |       3 |   8.8 |      16 |       2 |  11.1
        D:2 |     106 |      58 |  35.4 |      17 |      12 |  41.4
        D:3 |     100 |     433 |  81.2 |      30 |       6 |  16.7
        D:4 |      18 |     908 |  98.1 |       3 |       7 |  70.0
        D:5 |     780 |       0 |   0.0 |      26 |       0 |   0.0
        D:6 |     258 |     377 |  59.4 |      10 |      10 |  50.0
        D:7 |     692 |       0 |   0.0 |      23 |       0 |   0.0
        D:8 |    2376 |    1064 |  30.9 |      32 |       8 |  20.0
        D:9 |    1440 |     600 |  29.4 |      19 |       5 |  20.8
       D:10 |    1779 |       0 |   0.0 |      12 |       0 |   0.0
       D:11 |    6537 |       0 |   0.0 |      51 |       0 |   0.0
       D:12 |    3814 |    1262 |  24.9 |      23 |       5 |  17.9
       D:13 |    6056 |   13398 |  68.9 |      29 |      25 |  46.3
       D:14 |    4474 |     768 |  14.7 |      18 |       1 |   5.3
       D:15 |    4512 |    3048 |  40.3 |      21 |       2 |   8.7
     Lair:1 |    3992 |    2075 |  34.2 |      15 |       9 |  37.5
     Lair:2 |    2211 |     974 |  30.6 |      10 |       6 |  37.5
     Lair:3 |    1689 |       0 |   0.0 |       7 |       0 |   0.0
     Lair:4 |    8598 |    2234 |  20.6 |      35 |       8 |  18.6
     Lair:5 |    4779 |    4755 |  49.9 |      12 |      18 |  60.0
     Lair:6 |   10041 |    9764 |  49.3 |      37 |      26 |  41.3
    Swamp:1 |   11335 |       0 |   0.0 |      30 |       0 |   0.0
    Swamp:2 |   10369 |    5681 |  35.4 |      31 |       8 |  20.5
    Swamp:3 |    5540 |     761 |  12.1 |      15 |       1 |   6.2
    Swamp:4 |   10090 |   20198 |  66.7 |      21 |      23 |  52.3
    Snake:1 |   14622 |       0 |   0.0 |      28 |       0 |   0.0
    Snake:2 |   11990 |    8926 |  42.7 |      25 |      24 |  49.0
    Snake:3 |   25114 |       0 |   0.0 |      47 |       0 |   0.0
    Snake:4 |   20775 |   29397 |  58.6 |      49 |      63 |  56.2
      Orc:1 |    3200 |      13 |   0.4 |      36 |       5 |  12.2
      Orc:2 |       0 |   18552 | 100.0 |       0 |     150 | 100.0
   Vaults:1 |   20586 |    1794 |   8.0 |      25 |       5 |  16.7
     Bailey |       0 |    2292 | 100.0 |       0 |      39 | 100.0
            +---------+---------+-------+---------+---------+-------
